 Dungeon Crawl Stone Soup version 0.31-a0-210-gccc998df9b (webtiles) character file.

Game seed: 10011656681920495000

948 qw the Skirmisher (level 7, -5/61 HPs)
             Began as a Minotaur Hexslinger on June 29, 2023.
             Succumbed to a gnoll sergeant's poison
             ... on level 6 of the Dungeon.
             The game lasted 00:01:56 (5252 turns).

qw the Skirmisher (Minotaur Hexslinger)             Turns: 5252, Time: 00:01:57

Health: -5/61      AC:  8    Str: 19      XL:     7   Next: 89%
Magic:  7/7        EV: 11    Int:  9 (10) God:
Gold:   220        SH:  0    Dex: 14      Spells: 7/8 levels left

rFire   . . .        Y - +1 sling
rCold   . . .        (no shield)
rNeg    . . .        k - +0 ring mail
rPois   .            (helmet restricted)
rElec   .            (no cloak)
rCorr   .            i - +2 pair of gloves
SInv    .            (no boots)
Will    .....        c - amulet of faith
Stlth   +            j - +6 ring of strength
HPRegen 0.30/turn    (no ring)
MPRegen 0.10/turn

%: faith
@: lethally poisoned (-5 -> -43)
A: horns 2, retaliatory headbutt
a: no special abilities


You were on level 6 of the Dungeon.
You visited 2 branches of the dungeon, and saw 7 of its levels.

You collected 220 gold pieces.


Innate Abilities, Weirdness & Mutations

You have a pair of horns on your head.
You reflexively headbutt those who attack you in melee.


   Skills:
 - Level 5.1 Fighting
 + Level 8.7 Ranged Weapons
 - Level 2.3 Armour
 - Level 2.1 Dodging
 - Level 1.0 Spellcasting
 - Level 2.0 Hexes


You had 7 spell levels left.
You knew the following spells:

 Your Spells              Type           Power      Damage    Failure   Level
a - Slow                  Hex            16%        N/A       26%         1

Your spell library contained the following spells:

 Spells                   Type           Power      Damage    Failure   Level
 Inner Flame              Hex/Fire       2%         N/A       77%         3
 Portal Projectile        Hex/Tloc       4%         N/A       77%         3
 Cause Fear               Hex            2%         N/A       95%         4

Inventory:

Hand Weapons
 Y - a +1 sling (weapon)
Armour
 i - a +2 pair of gloves (worn)
 k - a +0 ring mail (worn)
Jewellery
 c - an amulet of faith (around neck)
 j - a +6 ring of strength (left hand)
Scrolls
 d - 2 scrolls of identify
Potions
 a - a potion of resistance {unknown}
 b - a potion of curing {unknown}
 e - a potion of attraction {unknown}
 g - a potion of might {unknown}

Dungeon Overview and Level Annotations

Branches:
Dungeon (6/15)             Temple (1/1) D:5

Altars:
Ashenzari
Cheibriados
Dithmenos
Elyvilon
Fedhas
Makhleb
Nemelex Xobeh
Qazlal
Ru
Sif Muna
Uskayaw
Wu Jian
Xom
Yredelemnul
Zin
The Shining One

Annotations:
D:6 exclusion: gnoll sergeant


Message History

The sling bullet completely misses the gnoll sergeant.
You shoot a sling bullet.
The sling bullet hits the gnoll sergeant but does no damage.
You shoot a sling bullet.
The sling bullet hits the gnoll sergeant but does no damage.
The gnoll sergeant hits you from afar with a +2 spear of venom.
You are poisoned.
You shoot a sling bullet.
The gnoll sergeant blocks the sling bullet.
You feel very sick.
The gnoll sergeant hits you from afar with a +2 spear of venom!
You are more poisoned.
You shoot a sling bullet.
The sling bullet hits the gnoll sergeant but does no damage.
You feel extremely sick. The gnoll sergeant closely misses you.
You shoot a sling bullet.
The sling bullet hits the gnoll sergeant.
The gnoll sergeant is lightly wounded.
You feel very sick.
The gnoll sergeant hits you from afar with a +2 spear of venom!
You are lethally poisoned!
Enter note:
Enter note:
5250 ||| READING scroll labelled NYOM ASITI.
As you read the scroll labelled NYOM ASITI, it crumbles to dust.
Wisps of shadow whirl around you...
It was a scroll of summoning.
You feel extremely sick.
The gnoll sergeant hits you but does no damage.
Enter note:
Enter note: You shoot a sling bullet.
The sling bullet hits your ogre.
Your ogre is lightly wounded.
Your ogre dissolves into shadows!
You feel very sick.
The gnoll sergeant hits you from afar with a +2 spear of venom!
You are more poisoned.
You shoot a sling bullet.
The sling bullet closely misses your scorpion.
You die...

#.##### #..g)@#
#####s## #.
#######..# # #.
#........##
..#.
..........##
....
#..........#
....
##########)####
#... #....##
#... ####).#
#...


You could see a gnoll sergeant (ally target) and a friendly scorpion (summoned).

Vanquished Creatures
  Sigmund (D:2)
  An ogre (D:4)
  A phantom (D:5)
  2 scorpions (D:6)
  3 orc priests (D:6)
  2 hounds
  2 sleepcaps
  2 orc wizards (D:4)
  9 gnolls
  8 adders
  A white imp (D:4)
  An ufetubus (D:5)
  3 worms
  23 orcs
  6 ball pythons
  5 endoplasms
  3 goblins
  8 hobgoblins
  A bat (D:2)
  A frilled lizard (D:2)
  7 kobolds
  6 rats
96 creatures vanquished.

Vanquished Creatures (others)
  An orc wizard (D:6)
1 creature vanquished.

Grand Total: 97 creatures vanquished

Notes
Turn   | Place    | Note
-------+----------+-------------------------------------------
     0 | D:1      | qw the Minotaur Hexslinger began the quest for the Orb.
     0 | D:1      | Reached XP level 1. HP: 16/16 MP: 1/1
     0 | D:1      | 0 ||| qw: Version: 0.3-a-24-ga2abf7b
     0 | D:1      | 0 ||| qw: Game counter: 7019
     0 | D:1      | 0 ||| qw: Melee chars always use a shield: true
     0 | D:1      | 0 ||| qw: God list: Okawaru
     0 | D:1      | 0 ||| qw: Allow faded altars: false
     0 | D:1      | 0 ||| qw: Do Orc after clearing Dungeon:15 true
     0 | D:1      | 0 ||| qw: Do second Lair branch before Depths: true
     0 | D:1      | 0 ||| qw: Lair rune preference: random
     0 | D:1      | 0 ||| qw: Goals: Normal
     0 | D:1      | 0 ||| PLANNING D:1-11
   280 | D:1      | Reached skill level 3 in Ranged Weapons
   280 | D:1      | Reached XP level 2. HP: 23/23 MP: 2/2
   576 | D:1      | 576 ||| UPGRADING to +2 pair of gloves.
   581 | D:1      | 581 ||| UPGRADING to +0 ring mail.
   591 | D:1      | 591 ||| DROPPING +0 robe.
   592 | D:1      | 592 ||| UPGRADING to +6 ring of strength.
   593 | D:1      | 593 ||| READING scroll labelled SULIKE MAIJOADWUKA.
   594 | D:1      | 594 ||| READING scroll labelled POREAB BEHE.
   595 | D:1      | 595 ||| READING scroll labelled DIUQOPL PEDOI.
   596 | D:1      | 596 ||| READING scroll labelled IFFUMA QESOFF.
   597 | D:1      | 597 ||| DROPPING scroll of poison.
   787 | D:2      | Reached XP level 3. HP: 29/29 MP: 3/3
  1046 | D:2      | Found a shadowy altar of Dithmenos.
  1094 | D:2      | Noticed Sigmund
  1116 | D:2      | HP: 6/29 [something/puff of flame (5)]
  1118 | D:2      | Killed Sigmund
  1119 | D:2      | Reached skill level 6 in Ranged Weapons
  1119 | D:2      | Reached XP level 4. HP: 4/36 MP: 4/4
  1119 | D:2      | Reached XP level 5. HP: 4/41 MP: 5/5
  1371 | D:2      | Reached skill level 1 in Armour
  1614 | D:2      | 1614 ||| UPGRADING to amulet of faith.
  1619 | D:2      | 1619 ||| DRINKING 2 fizzy coppery potions.
  1620 | D:2      | 1620 ||| DRINKING 2 fuming grey potions.
  1658 | D:2      | 1658 ||| DROPPING potion of lignification.
  1674 | D:3      | Found a white marble altar of Elyvilon.
  1682 | D:3      | 1682 ||| STAIRDANCE
  1797 | D:3      | Found a burning altar of Makhleb.
  1816 | D:3      | Reached skill level 3 in Fighting
  2011 | D:3      | Reached XP level 6. HP: 46/51 MP: 6/6
  2203 | D:3      | Found Sifut's Assorted Antiques.
  2347 | D:3      | 2347 ||| DRINKING 2 green potions.
  2348 | D:3      | 2348 ||| DROPPING potion of degeneration.
  2495 | D:4      | HP: 11/52 [something (5)]
  2498 | D:4      | HP: 3/52 [something (5)]
  3268 | D:4      | Reached skill level 7 in Ranged Weapons
  3643 | D:4      | 3643 ||| READING 2 scrolls labelled OFAMOSHR CUEP.
  3647 | D:4      | 3647 ||| READING 3 scrolls of identify.
  3647 | D:4      | 3647 ||| IDENTIFYING sedimented grey potion
  3648 | D:4      | 3648 ||| READING 2 scrolls of identify.
  3648 | D:4      | 3648 ||| IDENTIFYING smoky orange potion
  3649 | D:4      | 3649 ||| DROPPING potion of berserk rage.
  3650 | D:4      | 3650 ||| DROPPING potion of magic.
  3671 | D:5      | Entered Level 5 of the Dungeon
  3671 | D:5      | Found a sacrificial altar of Ru.
  3681 | D:5      | 3681 ||| STAIRDANCE
  3766 | D:5      | 3766 ||| FLEEEEING.
  3767 | D:5      | 3767 ||| FLEEEEING.
  3768 | D:5      | 3768 ||| FLEEEEING.
  3769 | D:5      | 3769 ||| FLEEEEING.
  3770 | D:5      | 3770 ||| FLEEEEING.
  3771 | D:5      | 3771 ||| FLEEEEING.
  3772 | D:5      | 3772 ||| STAIRDANCE
  3876 | D:5      | 3876 ||| STAIRDANCE
  3880 | D:4      | HP: 13/52 [iguana (5)]
  3881 | D:4      | 3881 ||| READING scroll of teleportation.
  3882 | D:4      | 3882 ||| DRINKING potion of heal wounds.
  3883 | D:4      | HP: 4/52 [ogre/+0 giant spiked club (29)]
  3885 | D:4      | Reached XP level 7. HP: 5/59 MP: 7/7
  4220 | D:5      | Reached skill level 8 in Ranged Weapons
  4238 | D:5      | Found a staircase to the Ecumenical Temple.
  4240 | D:5      | 4240 ||| PLANNING TEMPLE
  4248 | Temple   | Entered the Ecumenical Temple
  4262 | Temple   | 4262 ||| PLANNING D:1-11
  4580 | D:5      | 4580 ||| DROPPING ring of flight.
  4581 | D:5      | 4581 ||| READING scroll labelled XYRUZX QONOTH.
  4582 | D:5      | 4582 ||| READING 2 scrolls of identify.
  4582 | D:5      | 4582 ||| IDENTIFYING emerald potion
  4583 | D:5      | 4583 ||| DROPPING potion of brilliance.
  4682 | D:6      | Found a basalt altar of Yredelemnul.
  4905 | D:6      | Noticed a +0 falchion
  4906 | D:6      | Noticed a +0 spear
  4906 | D:6      | Noticed a +0 falchion
  4906 | D:6      | Noticed a +0 short sword
  4906 | D:6      | Noticed a +0 dagger
  4908 | D:6      | Noticed a +0 spear
  4908 | D:6      | Noticed a +0 dagger
  4909 | D:6      | Noticed a +0 short sword
  4910 | D:6      | Found a hide-covered altar of Uskayaw.
  5052 | D:6      | 5052 ||| Stepping ~*~*~tactically~*~*~ (outnumbered).
  5250 | D:6      | 5250 ||| READING scroll labelled NYOM ASITI.
  5251 | D:6      | HP: 10/61 [poisoned by a gnoll sergeant]
  5251 | D:6      | HP: 3/61 [gnoll sergeant/+2 spear of venom (7)]
  5252 | D:6      | Succumbed to a gnoll sergeant's poison

Levels and vault maps discovered:
D:1:      beargit_arrival_greenhouse, layout_basic
D:2:      layout_basic, basic_altar, uniq_sigmund
D:3:      layout_rooms, mainiacjoe_overflow_alcove_4, elyvilon_altar_5,
          serial_shops, nicolae_shop_hallway_stairs
D:4:      layout_basic
D:5:      layout_rooms, overflow_temple_1_default, minmay_temple_entry_tees
D:6:      layout_basic, amcnicky_altar_gilded,
          mainiacjoe_overflow_small_starburst, nicolae_overflow_crystal_walls,
          nicolae_gozag_seed_capital, nicolae_uskayaw_en_pointe
Temple:   hellmonk_temple_rainy

Skill      XL: |  1  2  3  4  5  6  7 |
---------------+----------------------+-----
Ranged Weapons | 3 6 7 8 |  8.7
Fighting       | 2 3 4 5 |  5.1
Armour         | 1 2 |  2.3
Dodging        | |  2.1
Spellcasting   | |  1.0
Hexes          | |  2.0

Action                     |  1- 3 |  4- 6 |  7- 9 || total
---------------------------+-------+-------+-------++-------
   Fire: Sling             |    89 |   267 |   140 ||   496
    Use: Scroll            |     4 |     4 |     3 ||    11
         Potion            |       |     4 |       ||     4
 Armour: Robe              |     1 |       |       ||     1
         Ring mail         |    19 |    59 |    28 ||   106
  Dodge: Dodged            |    19 |    85 |    29 ||   133

Table legend:
 A = Non-vault XP
 B = Vault XP
 C = Vault XP percentage of total XP
 D = Non-vault monster count
 E = Vault monster count
 F = Vault count percentage of total count
                 A         B        C        D         E       F
            +---------+---------+-------+---------+---------+-------
      Total |    1141 |     214 |  15.8 |      96 |       1 |   1.0
            +---------+---------+-------+---------+---------+-------
        D:1 |      14 |       0 |   0.0 |       8 |       0 |   0.0
        D:2 |     101 |     214 |  67.9 |      21 |       1 |   4.5
        D:3 |      90 |       0 |   0.0 |      20 |       0 |   0.0
        D:4 |     361 |       0 |   0.0 |      23 |       0 |   0.0
        D:5 |     146 |       0 |   0.0 |       6 |       0 |   0.0
        D:6 |     429 |       0 |   0.0 |      18 |       0 |   0.0
            +---------+---------+-------+---------+---------+-------
